 Dungeon Crawl Stone Soup version 0.19-a0-1490-g5dd3618 (webtiles) character file.

912 epen the Insei (level 8, -6/60 (62) HPs)
             Began as a Merfolk Monk on Sept 8, 2016.
             Was a Follower of Ru.
             Mangled by Prince Ribbit (16 damage)
             ... on level 6 of the Dungeon.
             The game lasted 00:08:05 (6685 turns).

epen the Insei (Merfolk Monk)                       Turns: 6685, Time: 00:08:06

HP:   -6/60 (62)    AC:  4    Str: 11    XL:     8   Next: 9%
MP:   7/12          EV: 16    Int: 10    God:    Ru [*.....]
Gold: 342           SH:  0    Dex: 18    Spells: 1 memorised, 9 levels left

rFire  . . .     SeeInvis .       - Unarmed
rCold  + . .     Gourm    .     a - +1 robe
rNeg   . . .     Faith    .     (no shield)
rPois  .         Spirit   .     (no helmet)
rElec  .         Dismiss  .     (no cloak)
rCorr  .         Reflect  .     (no gloves)
MR     .....     Harm     .     l - +0 pair of boots
Stlth  ++........               (no amulet)
                                (no ring)
                                v - ring of protection from cold

@: very slightly contaminated
A: change form in water, swift swim, stealthy swim, hated by all
a: Renounce Religion


You were on level 6 of the Dungeon.
You worshipped Ru.
Ru was aware of your devotion.
You were very hungry.

You visited 1 branch of the dungeon, and saw 6 of its levels.

You collected 342 gold pieces.

Inventory:

Hand Weapons
 i - a +0 dagger of protection
Armour
 a - a +1 robe (worn)
 l - a +0 pair of boots (worn)
Jewellery
 n - an uncursed ring of ice
 v - a ring of protection from cold (left hand)
Scrolls
 c - a scroll of enchant armour
 d - a scroll of amnesia
 e - a scroll of enchant weapon {unknown}
 m - a scroll of remove curse
 w - 2 scrolls of fear {unknown}
 x - a scroll of recharging
Potions
 f - a potion of beneficial mutation {unknown}
 g - 3 potions of degeneration {unknown}
 h - a potion of might {unknown}
 j - 2 potions of flight {unknown}
 o - 2 potions of brilliance
 p - a potion of heal wounds {unknown}
 r - a potion of curing {unknown}
 z - a potion of lignification {unknown}
Books
 s - a book of Changes

   Spells                             Type                      Level
   a - Beastly Appendage              Transmutation                1
   b - Sticks to Snakes               Transmutation                2
   c - Spider Form                    Transmutation/Poison         3
   d - Ice Form                       Ice/Transmutation            4
   e - Blade Hands                    Transmutation                5
Comestibles
 b - 5 bread rations
 k - a meat ration
 t - a beef jerky
 u - 2 fruits


   Skills:
 + Level 5.3 Fighting
 + Level 6.0 Dodging
 - Level 2.1 Stealth
 * Level 6.5 Unarmed Combat
 + Level 2.9 Spellcasting
 * Level 4.6 Transmutations


You had 9 spell levels left.
You knew the following spells:

 Your Spells              Type           Power        Failure   Level  Hunger
a - Spider Form           Tmut/Pois      #.........   34%         3    ####...


Dungeon Overview and Level Annotations

Branches:
Dungeon (6/15)
 Temple: D:4-7

Altars:
Hepliaklqana
Qazlal
Ru

Annotations:
D:4 Tux's ghost, amateur GrEE
D:6 Prince Ribbit


Innate Abilities, Weirdness & Mutations

You revert to your normal form in water.
You are very nimble and swift while swimming.
You are very stealthy in the water.
You are hated by all.


Message History

Unknown command.
Prince Ribbit hits you but does no damage.
The phantom blinks!
Prince Ribbit closely misses you.
You miss Prince Ribbit. You punch Prince Ribbit.
Prince Ribbit is moderately wounded.
You redirect the phantom's attack!
Prince Ribbit hits you.
You hit Prince Ribbit.
Prince Ribbit is heavily wounded.
Prince Ribbit barely misses you.
You hit Prince Ribbit.
Prince Ribbit is heavily wounded.
Prince Ribbit catches a moth with his tongue.
Prince Ribbit hits you!
You barely miss Prince Ribbit. Your punch misses Prince Ribbit.
Prince Ribbit is heavily wounded.
Prince Ribbit hits you!
* * * LOW HITPOINT WARNING * * *
Prince Ribbit hits you!
You die...

### #<# #.#
#.# #)#
#######@#
.......F#
........#
........W
..........
........:..
...........#
...........)
......#.#####


You could see Prince Ribbit and a phantom.

Vanquished Creatures
  A necrophage (D:5)
  A phantom (D:5)
  A centaur (D:5)
  An ogre (D:6)
  A giant frog (D:6)
  2 howler monkeys (D:4)
  A hound (D:5)
  An orc priest (D:3)
  An orc wizard (D:6)
  A giant frog skeleton (D:4)
  Jessica (D:2)
  2 iguanas
  Ijyb (D:2)
  A worker ant (D:6)
  Robin (D:2)
  6 adders
  2 oozes
  3 dart slugs
  5 giant geckos
  10 orcs
  6 bats
  4 giant cockroaches
  12 goblins
  10 hobgoblins
  12 jackals
  4 quokkas
  3 ball pythons
  A ball python zombie (D:5)
  A giant cockroach zombie (D:5)
  A giant gecko skeleton (D:4)
  A giant gecko zombie (D:5)
  4 giant newts
  10 kobolds
  A quokka skeleton (D:4)
  8 rats
121 creatures vanquished.

Notes
Turn   | Place    | Note
-------+----------+-------------------------------------------
     0 | D:1      | epen the Merfolk Monk began the quest for the Orb.
     0 | D:1      | Reached XP level 1. HP: 18/18 MP: 1/1
   326 | D:1      | Reached XP level 2. HP: 19/24 MP: 2/2
   877 | D:1      | Reached XP level 3. HP: 18/30 MP: 3/3
  1391 | D:2      | Noticed Jessica
  1400 | D:2      | Killed Jessica
  1400 | D:2      | Reached skill level 1 in Spellcasting
  1400 | D:2      | Reached XP level 4. HP: 24/37 MP: 5/5
  1652 | D:2      | Noticed Robin
  1733 | D:2      | Killed Robin
  2014 | D:2      | Noticed Ijyb
  2021 | D:2      | Found a hazy altar of Hepliaklqana.
  2026 | D:2      | Reached XP level 5. HP: 42/42 MP: 7/7
  2388 | D:2      | Killed Ijyb
  2811 | D:3      | Reached skill level 5 in Dodging
  2899 | D:3      | Reached skill level 5 in Unarmed Combat
  3089 | D:3      | Learned a level 3 spell: Spider Form
  3375 | D:3      | Reached XP level 6. HP: 46/49 MP: 8/8
  3474 | D:4      | Reached skill level 1 in Transmutations
  3584 | D:4      | Noticed Tux's ghost (amateur GrEE)
  4212 | D:4      | Found a stormy altar of Qazlal.
  4212 | D:4      | Found a sacrificial altar of Ru.
  4226 | D:4      | Became a worshipper of Ru the Awakened
  4230 | D:4      | Gained mutation: You are hated by all. [Ru sacrifice]
  4230 | D:4      | Reached * piety under Ru
  4862 | D:5      | Entered Level 5 of the Dungeon
  5110 | D:5      | Reached XP level 7. HP: 12/55 MP: 6/10
  5696 | D:5      | Reached skill level 5 in Fighting
  6664 | D:6      | Noticed Prince Ribbit
  6667 | D:6      | Reached XP level 8. HP: 60/60 MP: 12/12
  6685 | D:6      | Mangled by Prince Ribbit

Vault maps used:
D:1:      shiori_shiawase
D:2:      marbit_many_paths, uniq_robin, uniq_jessica, uniq_iyjb
D:3:      kennysheep_generic_room_16
D:4:      gammafunk_temple_overflow_statue
D:5:      serial_co_window_serial, co_window_paths_b, co_window_paths_a,
          co_window_of_opportunity_a, co_window_paths_a, co_window_corner_a,
          co_window_of_opportunity_c, co_window_broadway_b,
          co_window_broadway_a, co_window_paths_d, co_window_4corner_b,
          glass_columns_c, glass_columns_a, first_bread
D:6:      gammafunk_temple_overflow_forgotten, minmay_joined_circles,
          uniq_prince_ribbit1

Skill      XL: |  1  2  3  4  5  6  7 |
---------------+----------------------+-----
Fighting       | 4 5 |  5.3
Unarmed Combat | 4 5 6 |  6.5
Spellcasting   | 1 2 |  2.9
Dodging        | 5 6 |  6.0
Transmutations | 3 4 |  4.6
Stealth        | |  2.1

Action                   |  1- 3 |  4- 6 |  7- 9 || total
-------------------------+-------+-------+-------++-------
Melee: Unarmed           |   142 |   252 |    97 ||   491
       Punch             |     3 |     3 |     6 ||    12
       Dagger            |       |    52 |       ||    52
 Cast: Spider Form       |       |     2 |     1 ||     3
Invok: Sacrifice Love    |       |     1 |       ||     1
  Use: Scroll            |       |     8 |       ||     8
       Potion            |       |     2 |       ||     2
 Stab: Sleeping          |     3 |     8 |     2 ||    13
       Distracted        |       |       |     1 ||     1
  Eat: Chunk             |     1 |    12 |     4 ||    17
       Pizza             |       |       |     1 ||     1
Armor: Robe              |    35 |    53 |    12 ||   100
       Skin              |       |       |     1 ||     1
Dodge: Dodged            |   109 |   248 |    73 ||   430
